cohdb
Replays
Latest Replays
All Replays
Popular Replays
Top Player Replays
Match Explorer
How It Works
Community
CoH3 Stats
Reddit
Sign in to upload your games and track your stats! →
Sign in with Steam
PAX vs. Ren
Match 28231407
Overview
Messages
Build Orders
End
Construct Barracks
Selects Airborne Battlegroup
Selects Pathfinders
Pathfinder Squad
Riflemen Squad
Riflemen Squad
Riflemen Squad
Infantry Support Center
Construct Medical Station
Construct Motor Pool
M8 Greyhound Armored Car
Selects Paratrooper Squad Paradrop
Selects Anti-tank Gun Team Paradrop
M1918 Browning Automatic Rifles
Riflemen Squad
Grenade Package
Engineer Squad
M8 Greyhound Armored Car
M1 Mortar Team
Construct Tank Depot
M1 Anti-tank Gun Team
M1 Mortar Team
Riflemen Squad
M4(105) Sherman Bulldozer
M18 Hellcat Tank Destroyer
M18 Hellcat Tank Destroyer
M4A1 Sherman Medium Tank
Lazy Ren
PAX AJAX
0
0
Comments
sign in to comment!
No comments posted yet!